AoeStats
← Nikox_2015

Arena

504627291Analyzed
4v4 RM · 26d ago on Sep 6, 2026· 47m 29s· 8 players
Game mode
Random Map
Map size
Large (8 player)
Population
200
Speed
Normal
Resources
Standard
Victory
Conquest
Starting age
Dark Age
Ending age
Imperial Age
RankedLock teamsTeams togetherTeam positionsShared explorationLock speedFull tech treeHidden civsTurbo modeCheats
Victory
Defeat
🇬🇧 Britons · United Kingdom
1113
+14
🇵🇪 Mongols · Peru
1093
+14
🇮🇳 Mapuche · India
1080
+15
🇲🇽 Slavs · Mexico
1059
+16
🇨🇱 Bohemians · Chile
1396
-27
🇨🇱 Wei · Chile
1139
-18
🇨🇱 Burgundians · Chile
854
-7
🇨🇱 Britons · Chile
844
-7
doncath44
11:09 Feudal Age
15:20 Castle Age
13:23 Double-Bit Axe
13:33 Horse Collar
14:55 Gold Mining
21:08 Bow Saw
23:05 Loom
24:20 Wheelbarrow
24:13 Heavy Plow
26:39 Hand Cart
31:46 Imperial Age
29:51 Stone Mining
30:38 Gold Shaft Mining
31:45 Forging
31:49 Treadmill Crane
31:57 Pikeman
33:21 Conscription
33:49 Iron Casting
33:05 Elite Kona
33:22 Halberdier
36:15 Blast Furnace
36:24 Crop Rotation
36:46 Butalmapu
41:25 Scale Mail Armor
43:07 Hoardings
43:13 Chain Mail Armor
42:52 Fletching
44:35 Plate Mail Armor
47:05 Siege Engineers
47:21 Ballistics
48:02 Chemistry
47:13 Masonry
rickyecko
11:15 Feudal Age
11:53 Double-Bit Axe
11:52 Horse Collar
17:38 Castle Age
15:44 Gold Mining
16:47 Wheelbarrow
18:46 Bow Saw
20:23 Loom
22:33 Gold Shaft Mining
22:24 Pikeman
26:37 Town Watch
27:24 Hand Cart
27:21 Scale Mail Armor
28:51 Forging
33:22 Iron Casting
33:03 Chain Mail Armor
35:34 Imperial Age
33:50 Heavy Plow
34:12 Squires
34:05 Stone Mining
37:09 Onager
40:19 Two-Man Saw
39:19 Halberdier
41:21 Druzhina
42:42 Detinets
44:04 Hoardings
45:46 Plate Mail Armor
46:17 Blast Furnace
45:08 Fletching
45:38 Man-at-Arms
47:19 Town Patrol
46:45 Long Swordsman
47:55 Conscription
Lampy
10:32 Feudal Age
11:57 Double-Bit Axe
15:33 Castle Age
15:07 Horse Collar
18:24 Loom
22:31 Heavy Plow
22:42 Bow Saw
23:56 Murder Holes
29:56 Wheelbarrow
33:30 Imperial Age
31:18 Hand Cart
31:26 Fletching
31:36 Padded Archer Armor
32:50 Bodkin Arrow
34:23 Ballistics
34:08 Town Watch
35:09 Bracer
35:25 Leather Archer Armor
36:47 Pikeman
37:29 Squires
38:02 Ring Archer Armor
37:55 Conscription
37:28 Gold Mining
38:54 Two-Man Saw
39:21 Yeomen
40:23 Murder Holes
40:40 Masonry
41:30 Chemistry
41:16 Elite Longbowman
43:46 Warwolf
Azom
10:51 Feudal Age
14:57 Castle Age
13:53 Double-Bit Axe
13:51 Horse Collar
16:25 Wheelbarrow
16:42 Bow Saw
16:55 Heavy Plow
22:08 Husbandry
22:24 Scale Barding Armor
22:26 Gold Mining
22:52 Bloodlines
24:07 Chain Barding Armor
23:59 Loom
25:39 Gold Shaft Mining
26:17 Forging
30:49 Iron Casting
37:05 Imperial Age
34:51 Hand Cart
35:29 Stone Mining
37:14 Fortified Wall
36:58 Town Watch
37:12 Elite Steppe Lancer
39:00 Blast Furnace
38:30 Padded Archer Armor
38:21 Fletching
40:40 Leather Archer Armor
40:49 Ballistics
41:29 Chemistry
41:09 Bodkin Arrow
41:28 Masonry
40:53 Elite Skirmisher
41:48 Thumb Ring
41:52 Town Patrol
42:51 Bracer
46:11 Siege Engineers
46:48 Hoardings
46:34 Conscription
RazielCandevixx
10:57 Feudal Age
9:15 Horse Collar
9:27 Double-Bit Axe
17:39 Castle Age
17:29 Heavy Plow
17:41 Bow Saw
17:43 Gold Mining
18:43 Wheelbarrow
19:40 Forging
19:37 Scale Barding Armor
20:13 Loom
28:38 Fervor
31:45 Imperial Age
29:03 Town Watch
29:42 Treadmill Crane
30:33 Hand Cart
30:31 Cavalier
32:22 Husbandry
32:51 Conscription
32:39 Burgundian Vineyards
32:36 Pikeman
33:20 Squires
34:00 Iron Casting
34:36 Chemistry
35:00 Ballistics
36:18 Blast Furnace
35:39 Chain Barding Armor
35:55 Padded Archer Armor
35:26 Paladin
42:19 Man-at-Arms
44:40 Halberdier
47:10 Gold Shaft Mining
Nikox_2015
12:29 Feudal Age
10:45 Loom
16:18 Castle Age
16:33 Man-at-Arms
18:57 Double-Bit Axe
24:14 Long Swordsman
27:12 Padded Archer Armor
28:00 Pikeman
29:05 Horse Collar
30:47 Bow Saw
35:49 Forging
40:58 Imperial Age
39:46 Heavy Plow
42:53 Scale Mail Armor
43:40 Halberdier
pabloyx
3:00 Loom
10:52 Feudal Age
9:08 Loom
15:35 Castle Age
14:00 Double-Bit Axe
14:00 Horse Collar
14:36 Gold Mining
15:13 Stone Mining
22:18 Fletching
23:05 Bow Saw
23:07 Bodkin Arrow
24:35 Thumb Ring
27:49 Wheelbarrow
28:55 Ballistics
28:31 Murder Holes
28:19 Treadmill Crane
28:34 Pikeman
29:15 Squires
30:13 Hand Cart
32:17 Scale Mail Armor
32:43 Padded Archer Armor
34:02 Chain Mail Armor
36:37 Imperial Age
33:53 Town Watch
34:44 Forging
36:43 Iron Casting
36:41 Halberdier
38:35 Blast Furnace
38:18 Arson
42:59 Heavy Plow
44:20 Chemistry
Tecno
7:24 Loom
10:27 Feudal Age
14:50 Castle Age
15:01 Double-Bit Axe
15:06 Horse Collar
15:59 Bow Saw
25:27 Scale Barding Armor
26:57 Wheelbarrow
28:55 Husbandry
30:08 Forging
34:09 Imperial Age
32:46 Wagenburg Tactics
34:15 Chain Barding Armor
34:48 Cavalier
35:46 Hand Cart
36:28 Iron Casting
36:28 Conscription
36:06 Town Watch
36:38 Pikeman
37:19 Squires
38:40 Two-Man Saw
39:10 Blast Furnace
38:04 Halberdier
39:41 Squires
40:54 Scale Mail Armor
40:24 Light Cavalry
43:21 Chain Mail Armor
45:26 Plate Mail Armor
44:31 Elite Skirmisher
Connection lost

Rejoining the realm…

Still unreachable

The connection could not be restored.

Session expired

The server has moved on; the page needs a fresh start.